 Dungeon Crawl Stone Soup version 0.24-a0-27-gca774cb5d5 (webtiles) character file.

Game seed: 7297052904350050067

22437 Maize the Severer (level 12, 0/113 HPs)
             Began as a Minotaur Berserker on Feb 2, 2019.
             Was a High Priest of Trog.
             Slain by Rupert
             ... wielding a +0 great mace of protection
              (27 damage)
             ... on level 12 of the Dungeon.
             The game lasted 00:20:26 (11245 turns).

Maize the Severer (Minotaur Berserker)             Turns: 11245, Time: 00:20:26

Health: 0/113      AC: 20    Str: 25    XL:     12   Next: 63%
Magic:  11/11      EV: 12    Int:  4    God:    Trog [*****.]
Gold:   844        SH:  0    Dex: 16    Spells: 11/11 levels left

rFire    . . .     SeeInvis +   R - +2 war axe (vamp)
rCold    . . .     Gourm    .   (no shield)
rNeg     . . .     Faith    +   j - +0 plate armour
rPois    .         Spirit   .   I - +2 hat {SInv}
rElec    .         Reflect  .   H - +0 cloak
rCorr    .         Harm     .   (no gloves)
MR       .....                  d - +0 pair of boots
Stlth    ..........             y - amulet of faith
HPRegen  0.28/turn              w - +4 ring of dexterity
MPRegen  0.12/turn              z - +3 ring of evasion

@: berserk cooldown, very slightly contaminated, slowed, very slow
A: retaliatory headbutt, horns 2
a: Berserk, Trog's Hand, Brothers in Arms, Renounce Religion


You were on level 12 of the Dungeon.
You worshipped Trog.
Trog was extremely pleased with you.
You were hungry.

You visited 2 branches of the dungeon, and saw 13 of its levels.
You also visited: Sewer.

You collected 844 gold pieces.

Inventory:

Hand Weapons
 o - a +0 war axe of chopping
 P - a +0 battleaxe
 R - a +2 vampiric war axe (weapon)
Missiles
 k - 4 silver tomahawks (quivered)
Armour
 d - a +0 pair of boots (worn)
 j - a +0 plate armour (worn)
 H - a +0 cloak (worn)
 I - a +2 hat of see invisible (worn)
 N - a scarf of cloud immunity
Jewellery
 t - an uncursed amulet of guardian spirit
 w - a +4 ring of dexterity (left hand)
 y - an amulet of faith (around neck)
 z - a +3 ring of evasion (right hand)
 T - an uncursed ring of ice
Wands
 p - a wand of random effects (30)
 q - a wand of scattershot (12)
 C - a wand of flame (16)
 E - a wand of iceblast (22)
 Q - a wand of paralysis (20)
Scrolls
 a - 2 scrolls of enchant weapon
 b - 4 scrolls of teleportation
 f - 3 scrolls of fear
 g - 9 scrolls of magic mapping
 h - 2 scrolls of blinking
 n - 2 scrolls of noise {unknown}
 r - 6 scrolls of remove curse
 u - 4 scrolls of fog
 v - 4 scrolls of amnesia
 F - a scroll of random uselessness {unknown}
 J - a scroll of immolation {unknown}
 M - a scroll of identify
 O - 2 scrolls of brand weapon {unknown}
Potions
 e - a potion of agility
 i - a potion of ambrosia {unknown}
 l - 3 potions of invisibility
 m - 4 potions of curing
 s - 4 potions of cancellation
 x - a potion of magic
 A - a potion of mutation
 B - a potion of heal wounds {unknown}
 D - a potion of might {unknown}
 G - 2 potions of brilliance {unknown}
 K - a potion of haste
 L - 3 potions of lignification {unknown}
Comestibles
 c - 21 rations
 S - 5 chunks of flesh


   Skills:
 + Level 12.9 Fighting
 * Level 17.1 Axes
 + Level 12.7 Armour
 - Level 2.4 Dodging


You had 11 spell levels left.
You didn't know any spells.
Your spell library was empty.

Dungeon Overview and Level Annotations

Branches:
Dungeon (12/15)            Temple (1/1) D:5            Lair (0/6) D:9
    Orc (0/2) D:12

Altars:
Dithmenos
Elyvilon
Fedhas
Gozag
Makhleb
Nemelex Xobeh
Okawaru
Qazlal
Ru
Sif Muna
Trog
Uskayaw
Vehumet
Xom
Yredelemnul
Zin

Shops:
D:4 (((=

Annotations:
D:12 Erolcha, Rupert


Innate Abilities, Weirdness & Mutations

You reflexively headbutt those who attack you in melee.
You have a pair of horns on your head.


Message History

You feel less confused.
Rupert hits you with a +0 great mace of protection.
Erolcha closely misses you. You furiously retaliate!
You headbutt Erolcha, but do no damage. You closely miss Rupert.
Rupert is severely wounded.
You barely miss Erolcha.
Rupert hits you with a +0 great mace of protection!!
* * * LOW HITPOINT WARNING * * *
Erolcha hits you with a cursed -1 giant club!!
* * * LOW HITPOINT WARNING * * *
Rupert completely misses you.
Blink to where?
Press: ? - help, Dir - move target cursor You are very lightly contaminated with residual magic.
As you read the scroll of blinking, it crumbles to dust.
Rupert rages.
Rupert rages.
Rupert hits you with a +0 great mace of protection!!
You die...

########.....# ##...##.......##
##..............#
#............##.# ##
##...........†##.##### #..
##....>................ #. #...
###.....O.O.....#.....###...
#....#.....#...#@...##...........
#...?.§...######@#####......##
#.....##### #...# #.....<.#
#....# ##.<# #######.# #.... ..#
># #... #.# .# #### .# .. .# ..
.. #.. ..


You could see Rupert (berserk) and Erolcha.

Vanquished Creatures
  Gastronok (D:8)
  An orc warlord (D:9)
  2 two-headed ogres (D:11)
  Urug (D:11)
  An unseen horror (D:10)
  An orc knight (D:9)
  An ugly thing (D:11)
  An elephant (D:9)
  A manticore (D:11)
  A cyclops (D:6)
  Joseph (D:8)
  Maurice (D:8)
  Psyche (D:9)
  3 trolls
  A hornet (D:9)
  6 hippogriffs
  4 hungry ghosts
  15 yaks
  4 hogs (D:7)
  A human (D:7)
  Edmund (D:6)
  14 wargs (D:9)
  Menkaure (D:4)
  6 orc warriors
  An eye of draining (D:11)
  A hornet zombie (D:10)
  2 ice beasts
  A sky beast (D:10)
  Purgy (Sewer)
  A necrophage (D:12)
  A black bear (D:11)
  6 ogres
  3 phantoms
  3 crocodiles
  7 centaurs
  A big kobold (D:10)
  10 bullfrogs
  A wyvern zombie (D:11)
  3 scorpions
  6 killer bees (D:9)
  5 electric eels (D:10)
  4 wights (D:10)
  4 howler monkeys
  6 crimson imps
  A bullfrog zombie (D:9)
  3 quasits
  3 centaur zombies
  2 jellies (D:8)
  2 centaur skeletons
  6 orc priests
  2 hounds
  2 bullfrog skeletons
  10 orc wizards
  Jessica (D:3)
  3 iguanas
  9 worker ants
  A hound zombie (D:9)
  A hound skeleton (D:8)
  4 gnolls (D:4)
  15 adders
  5 shadow imps
  4 oozes
  An adder skeleton (D:7)
  3 adder zombies
  6 worms
  5 dart slugs
  5 leopard geckos
  96 orcs
  11 bats
  2 giant cockroaches
  6 goblins
  11 hobgoblins
  6 jackals (D:1)
  7 quokkas
  A ball python skeleton (D:4)
  10 frilled lizards
  A jackal zombie (D:9)
  13 kobolds
  A quokka skeleton (D:4)
  6 rats
  A spectral orc (D:2)
403 creatures vanquished.

Vanquished Creatures (others)
  A plant (D:9)
1 creature vanquished.

Grand Total: 404 creatures vanquished

Notes
Turn   | Place    | Note
-------+----------+-------------------------------------------
     0 | D:1      | Maize the Minotaur Berserker began the quest for the Orb.
     0 | D:1      | Reached XP level 1. HP: 19/19 MP: 0/0
   164 | D:1      | Reached XP level 2. HP: 15/27 MP: 1/1
   522 | D:1      | Reached skill level 4 in Axes
   604 | D:1      | Reached XP level 3. HP: 31/33 MP: 2/2
   852 | D:1      | Reached ** piety under Trog
  1068 | D:2      | Found a shadowy altar of Dithmenos.
  1108 | D:2      | Reached XP level 4. HP: 21/40 MP: 3/3
  1464 | D:2      | Found a basalt altar of Yredelemnul.
  1607 | D:2      | Reached skill level 5 in Axes
  2107 | D:3      | Noticed Jessica
  2112 | D:3      | Killed Jessica
  2112 | D:3      | Reached XP level 5. HP: 38/47 MP: 4/4
  2232 | D:3      | Found a bloodstained altar of Trog.
  2646 | D:4      | Found Rellohote's Jewellery Emporium.
  2664 | D:4      | Reached skill level 5 in Fighting
  2713 | D:4      | Reached skill level 6 in Axes
  2746 | D:4      | Found Zyukhax's Weapon Boutique.
  2770 | D:4      | Reached XP level 6. HP: 42/56 MP: 5/5
  2793 | D:4      | Noticed Menkaure
  2798 | D:4      | Killed Menkaure
  2924 | D:4      | Found Zuighu's Weapon Emporium.
  2925 | D:4      | Reached *** piety under Trog
  2979 | D:4      | Found a sparkling altar of Nemelex Xobeh.
  3029 | D:4      | Found Ugohevia's Antique Weapon Shop.
  3065 | D:4      | Reached skill level 7 in Axes
  3073 | D:4      | Reached skill level 5 in Armour
  3073 | D:4      | Reached XP level 7. HP: 60/62 MP: 4/6
  3124 | D:4      | Found a shimmering altar of Xom.
  3396 | D:5      | Entered Level 5 of the Dungeon
  3537 | D:5      | Found a glowing drain.
  3554 | Sewer    | Entered a sewer
  3630 | Sewer    | Noticed Purgy
  3632 | Sewer    | Reached **** piety under Trog
  3639 | Sewer    | Killed Purgy
  3758 | D:5      | Reached skill level 8 in Axes
  3858 | D:5      | Found a staircase to the Ecumenical Temple.
  4098 | D:5      | Found a glowing silver altar of Zin.
  4233 | Temple   | Entered the Ecumenical Temple
  4282 | D:6      | Found a stormy altar of Qazlal.
  4312 | D:6      | Reached XP level 8. HP: 69/71 MP: 7/7
  4414 | D:6      | Reached skill level 9 in Axes
  4551 | D:6      | Found a blossoming altar of Fedhas.
  4574 | D:6      | Noticed a cyclops
  4588 | D:6      | Killed a cyclops
  4588 | D:6      | Reached skill level 10 in Axes
  4754 | D:6      | Noticed Edmund
  4765 | D:6      | Killed Edmund
  4765 | D:6      | Reached XP level 9. HP: 79/81 MP: 6/8
  5113 | D:7      | Reached skill level 11 in Axes
  5123 | D:7      | Reached ***** piety under Trog
  5599 | D:7      | Found a hide-covered altar of Uskayaw.
  5637 | D:7      | Reached skill level 12 in Axes
  5872 | D:8      | Noticed Joseph
  5884 | D:8      | Reached XP level 10. HP: 91/91 MP: 9/9
  5888 | D:8      | Killed Joseph
  6113 | D:8      | Received a gift from Trog
  6401 | D:8      | Reached skill level 13 in Axes
  6461 | D:8      | Reached skill level 10 in Fighting
  6626 | D:8      | Noticed Gastronok
  6627 | D:8      | Noticed Maurice
  6637 | D:8      | Killed Gastronok
  6637 | D:8      | Reached skill level 10 in Armour
  6641 | D:8      | Killed Maurice
  6641 | D:8      | Reached skill level 14 in Axes
  6816 | D:9      | Reached XP level 11. HP: 91/101 MP: 8/10
  7494 | D:9      | Noticed Psyche
  7498 | D:9      | Killed Psyche
  7516 | D:9      | You fall through a shaft for 2 floors!
  7528 | D:11     | Noticed a two-headed ogre
  7543 | D:11     | Killed a two-headed ogre
  7543 | D:11     | Reached skill level 15 in Axes
  7632 | D:10     | Entered Level 10 of the Dungeon
  7658 | D:10     | Received a gift from Trog
  7743 | D:9      | Found a burning altar of Makhleb.
  7760 | D:9      | Found a staircase to the Lair.
  8042 | D:9      | Found a shadowy altar of Dithmenos.
  8065 | D:9      | Found a shadowy altar of Dithmenos.
  8171 | D:9      | Noticed an orc knight
  8171 | D:9      | Noticed an orc warlord
  8183 | D:9      | Killed an orc knight
  8193 | D:9      | Killed an orc warlord
  8661 | D:9      | Reached XP level 12. HP: 112/112 MP: 11/11
  9206 | D:10     | Reached skill level 16 in Axes
 10610 | D:11     | Noticed Urug
 10612 | D:11     | Received a gift from Trog
 10616 | D:11     | Killed Urug
 10813 | D:11     | Noticed a two-headed ogre
 10820 | D:11     | Killed a two-headed ogre
 11184 | D:12     | Found a staircase to the Orcish Mines.
 11193 | D:12     | Reached skill level 17 in Axes
 11224 | D:12     | Noticed Rupert
 11226 | D:12     | Noticed Erolcha
 11245 | D:12     | Slain by Rupert

Vault maps used:
D:1:      dpeg_arrival_stone_temple_mockup
D:2:      lemuel_round_altar, yredelemnul_forgotten_temple_becter
D:3:      bloody_trog, uniq_jessica
D:4:      kennysheep_little_box, nemelex_xobeh_ov_fountains_minmay,
          serial_shops, shop, nicolae_shop_temple_entry_statues_fountains,
          nicolae_shop_stone, shop, uniq_menkaure
D:5:      lemuel_coloured_pillars_altar, minmay_temple_entry_mini_moons,
          cheibrodos_sewer_entry_bend, first_ration
D:6:      overflow_temple_1_default, basic_altar, skrybe_limestone_x,
          minivault_19, grunt_ministairs_10, grunt_potential, uniq_edmund
D:7:      kennysheep_mini_moat, hangedman_decor_clover_reticule, grunt_livestock
D:8:      uniq_gastronok, uniq_joseph, uniq_maurice
D:9:      lemuel_castle_with_subvaults, david_lair_generic,
          serial_co_window_serial, co_window_corner_a,
          co_window_of_opportunity_a, co_window_paths_b,
          co_window_of_opportunity_a, co_window_corner_a, co_window_2corner,
          co_window_corner_b, co_window_unsneaky_path_e, co_window_corner_b,
          glass_columns_a, glass_columns_a, glass_columns_c, glass_columns_b,
          hangedman_feature_mirror, grunt_dithmenos_smoke_and_mirrors,
          uniq_psyche
D:10:     serial_bayou_lake_a
D:11:     uniq_urug
D:12:     orc_0_dummy, ploomutoo_gammafunk_ghost_potion_laboratory,
          uniq_frances, uniq_erolcha, uniq_rupert
Temple:   eino_narrow_crystal_temple
Sewer:    sewer_co_purgy_island

Skill      XL: |  1  2  3  4  5  6  7  8  9 10 11 12 |
---------------+-------------------------------------+-----
Axes           | 4 5 6 7 8 10 12 14 15 17 | 17.1
Fighting       | 4 5 6 7 9 10 12 | 12.9
Armour         | 3 4 5 6 7 9 10 11 12 | 12.7
Dodging        | |  2.4

Action                   |  1- 3 |  4- 6 |  7- 9 | 10-12 || total
-------------------------+-------+-------+-------+-------++-------
Melee: Hand axe          |    91 |    57 |       |       ||   148
       Headbutt          |    15 |    18 |    35 |   130 ||   198
       War axe           |       |    93 |   174 |   410 ||   677
       Battleaxe         |       |       |       |    74 ||    74
Invok: Berserk           |       |     3 |     4 |    10 ||    17
       Brothers in Arms  |       |       |       |     1 ||     1
  Use: Scroll            |       |       |    15 |     2 ||    17
       Potion            |       |       |     2 |       ||     2
  Eat: Chunk             |     1 |     9 |    12 |    21 ||    43
       Ration            |       |       |       |     4 ||     4
Armor: Animal skin       |     4 |       |       |       ||     4
       Scale mail        |    36 |    27 |    32 |   111 ||   206
       Chain mail        |       |    59 |    54 |       ||   113
       Plate armour      |       |       |       |    72 ||    72
Dodge: Dodged            |    55 |    76 |   118 |   269 ||   518

Table legend:
 A = Non-vault XP
 B = Vault XP
 C = Vault XP percentage of total XP
 D = Non-vault monster count
 E = Vault monster count
 F = Vault count percentage of total count
                 A         B        C        D         E       F
            +---------+---------+-------+---------+---------+-------
      Total |   18574 |   13480 |  42.1 |     300 |     103 |  25.6
            +---------+---------+-------+---------+---------+-------
        D:1 |      69 |       0 |   0.0 |      33 |       0 |   0.0
        D:2 |      95 |       1 |   1.0 |      25 |       1 |   3.8
        D:3 |      52 |      37 |  41.6 |      14 |       1 |   6.7
        D:4 |     517 |     157 |  23.3 |      30 |       1 |   3.2
        D:5 |     212 |      10 |   4.5 |       8 |       2 |  20.0
        D:6 |     566 |     977 |  63.3 |      15 |      11 |  42.3
        D:7 |    1334 |     995 |  42.7 |      27 |       5 |  15.6
        D:8 |    2203 |    3238 |  59.5 |      42 |       4 |   8.7
        D:9 |    2301 |    7111 |  75.6 |      32 |      70 |  68.6
       D:10 |    4328 |       0 |   0.0 |      36 |       0 |   0.0
       D:11 |    5810 |     804 |  12.2 |      35 |       1 |   2.8
       D:12 |    1087 |       0 |   0.0 |       3 |       0 |   0.0
      Sewer |       0 |     150 | 100.0 |       0 |       7 | 100.0
            +---------+---------+-------+---------+---------+-------
